 Dungeon Crawl Stone Soup version 0.27-a0-1149-g4505690ab0 (webtiles) character file.

Game seed: 8120899984330227028

227 st0uf the Twirler (level 6, -4/37 HPs)
             Began as a Gargoyle Gladiator on May 12, 2021.
             Slain by an orc priest
             ... wielding a +1 whip of distortion
              (5 damage)
             ... in the Ecumenical Temple.
             The game lasted 00:10:06 (3017 turns).

st0uf the Twirler (Gargoyle Gladiator)              Turns: 3017, Time: 00:10:07

Health: -4/37      AC: 10    Str: 18    XL:     6   Next: 2%
Magic:  6/6        EV: 11    Int: 10    God:
Gold:   135        SH:  0    Dex: 11    Spells: 5/5 levels left

rFire    . . .     SeeInvis .   a - +0 quarterstaff
rCold    . . .     Faith    .   (shield currently unavailable)
rNeg     + . .     Spirit   .   e - +0 ring mail
rPois    ∞         Reflect  .   c - +0 helmet
rElec    +         Harm     .   (no cloak)
rCorr    .         Rampage  .   (no gloves)
Will     .....                  (no boots)
Stlth    +.........             (no amulet)
HPRegen  0.12/turn              v - ring of flight
MPRegen  0.10/turn              (no ring)

@: flying
A: sickness immunity, AC +4, negative energy resistance 1, electricity
resistance, torment resistance 1, petrification resistance
a: no special abilities


You were in the Ecumenical Temple.
You visited 2 branches of the dungeon, and saw 6 of its levels.

You collected 148 gold pieces.
You spent 13 gold pieces at shops.

Inventory:

Hand Weapons
 a - a +0 quarterstaff (weapon)
 o - a +1 dagger of holy wrath
 u - a +2 whip of freezing
Missiles
 d - 3 throwing nets
 j - 101 stones (quivered)
Armour
 b - a +0 leather armour
 c - a +0 helmet (worn)
 e - a +0 ring mail (worn)
 x - a +0 buckler
Magical Staves
 f - a staff of death
Jewellery
 v - a ring of flight (left hand)
Wands
 p - a wand of iceblast (5)
 q - a wand of paralysis (9)
Scrolls
 g - 2 scrolls of magic mapping {unknown}
 k - a scroll of brand weapon {unknown}
 m - 2 scrolls of noise
 r - 4 scrolls of identify {unknown}
 t - a scroll of blinking {unknown}
Potions
 h - 2 potions of curing {unknown}
 i - 3 potions of invisibility {unknown}
 l - a potion of degeneration {unknown}
 n - 2 potions of brilliance {unknown}
 s - a potion of attraction {unknown}
 w - 2 potions of berserk rage {unknown}


   Skills:
 + Level 3.3 Fighting
 + Level 5.5 Staves
 + Level 2.0 Throwing
 * Level 2.0 Armour
 - Level 2.4 Dodging
 + Level 0.5 Stealth


You had 5 spell levels left.
You didn't know any spells.
Your spell library contained the following spells:

 Spells                   Type           Power      Damage    Failure   Level
 Magic Dart               Conj           0%         1d3       54%         1
 Blink                    Tloc           N/A        N/A       69%         2
 Call Imp                 Summ           0%         N/A       69%         2
 Searing Ray              Conj           0%         3d3       69%         2
 Slow                     Hex            0%         N/A       69%         2
 Conjure Flame            Conj/Fire      0%         6-21      89%         3
 Dazzling Flash           Conj/Hex       0%         N/A       89%         3
 Mephitic Cloud           Conj/Pois/Air  0%         N/A       89%         3
 Fulminant Prism          Conj/Hex       0%         3d6       100%        4
 Iskenderun's Mystic Bla  Conj/Tloc      0%         2d3       100%        4


Dungeon Overview and Level Annotations

Branches:
Dungeon (5/15)             Temple (1/1) D:5

Altars:
Elyvilon
Nemelex Xobeh
Qazlal
Uskayaw

Shops:
D:3 [?:


Innate Abilities, Weirdness & Mutations

You are immune to sickness and miasma.
Your stone body is resilient. (AC +4)
You are immune to poison.
You resist negative energy. (rN+)
You are resistant to electric shocks. (rElec)
You are resistant to unholy torment.
You are immune to petrification.


Message History

The hound barely misses you.
You closely miss the hound.
The hound is heavily wounded.
The hound completely misses you. The hound barely misses you.
You sock the hound!
You kill the hound!
Your Armour skill increases to level 2!
You have reached level 6!
Your experience leads to an increase in your attributes!
Increase (S)trength, (I)ntelligence, or (D)exterity?
You feel clever.
An orc comes into view. It is wielding a +0 flail.
The orc shouts!
An orc wizard comes into view. It is wielding a +0 dagger.
The orc moves out of view.
An orc comes into view. It is wielding a +0 whip.
An orc priest comes into view. It is wielding a +1 whip of distortion.
The orc shouts!
The orc wizard shouts!
There is a staircase to the Ecumenical Temple here.
You can't go up here!
The orc wizard points at itself and mumbles some strange words.
The orc wizard flickers and vanishes!
Deactivating autopickup; reactivate with Ctrl-A.
The orc priest invokes the aid of Beogh against you.
Beogh smites you!
You fly downwards.
Welcome to the Ecumenical Temple!
Reactivating autopickup.
Found a white marble altar of Elyvilon and a hide-covered altar of Uskayaw.
There is a staircase back to the Dungeon here.
You sock the orc priest!
The orc priest is heavily wounded.
The orc priest hits you with a +1 whip of distortion.
Space warps horribly around you!
* * * LOW HITPOINT WARNING * * *
Unknown command.
You hit the orc priest but do no damage.
The orc priest is heavily wounded.
The orc priest hits you but does no damage.
Space bends around you.
You die...

≈≈≈≈≈≈§§§≈≈≈≈§≈
≈≈≈≈≈≈≈≈≈≈≈≈≈≈≈
≈≈≈≈§§§≈≈≈≈≈≈≈§
§§≈≈§§§..≈≈≈§≈≈
≈§≈≈≈.§...≈§≈≈§
≈≈≈≈.......≈≈≈≈
≈≈≈.........≈≈≈
≈≈....o@.....≈≈
≈.............≈
...............
...............
...............
._..........._.
...............
...............


You could see an orc priest.

Vanquished Creatures
  A water moccasin skeleton (D:4)
  A hound (D:5)
  9 adders
  3 dart slugs
  4 orcs (D:3)
  3 ball pythons
  3 endoplasms
  10 goblins
  5 hobgoblins
  6 jackals
  3 quokkas
  5 bats
  4 kobolds
  2 rats
59 creatures vanquished.

Notes
Turn   | Place    | Note
-------+----------+-------------------------------------------
     0 | D:1      | st0uf the Gargoyle Gladiator began the quest for the Orb.
     0 | D:1      | Reached XP level 1. HP: 12/12 MP: 1/1
   215 | D:1      | Reached XP level 2. HP: 18/18 MP: 2/2
   701 | D:1      | Found a faded altar of an unknown god.
   989 | D:2      | Reached skill level 4 in Staves
   989 | D:2      | Reached XP level 3. HP: 21/22 MP: 3/3
  1334 | D:2      | Reached XP level 4. HP: 24/27 MP: 4/4
  1665 | D:3      | Found a sparkling altar of Nemelex Xobeh.
  1694 | D:3      | Found Miuzoum's Book Shoppe.
  1737 | D:3      | Found a stormy altar of Qazlal.
  1745 | D:3      | Reached skill level 1 in Armour
  1826 | D:3      | Reached XP level 5. HP: 32/32 MP: 5/5
  1836 | D:3      | Found Damimy's Magic Scroll Boutique.
  1846 | D:3      | Bought a scroll of noise for 13 gold pieces
  2071 | D:3      | Found Jexep's Antique Armour Shoppe.
  2090 | D:3      | Reached skill level 5 in Staves
  2896 | D:4      | Noticed an ogre
  2983 | D:5      | Entered Level 5 of the Dungeon
  2983 | D:5      | Found a staircase to the Ecumenical Temple.
  3009 | D:5      | Reached XP level 6. HP: 33/37 MP: 6/6
  3015 | Temple   | Entered the Ecumenical Temple
  3016 | Temple   | HP: 1/37 [orc priest/+1 whip of distortion (16)]
  3017 | Temple   | Slain by an orc priest

Illustrated notes

Levels and vault maps discovered:
D:1:      dpeg_arrival_pits, layout_basic,
          hellmonk_ecumenical_altar_inner_sanctum, grunt_decor_mini_mirrors,
          kennysheep_doodads, minmay_pentomino_s2
D:2:      layout_rooms, item_on_display_a
D:3:      layout_basic, lemuel_round_altar, overflow_temple_1_default,
          serial_shops, nicolae_shop_behind_doors, nicolae_shop_stone,
          nicolae_shop_temple_entry_statues_fountains
D:4:      layout_loops_ring, marbit_many_paths, goddamned_bats
D:5:      layout_basic, minmay_temple_entry_junction,
          nicolae_ossuary_entry_false_entrances, uniq_grinder
Temple:   compressed_dpeg_triangle_lava_temple

Skill      XL: |  1  2  3  4  5 |
---------------+----------------+-----
Staves         | 4 5 |  5.5
Throwing       | 2 |  2.0
Armour         | 1 2 |  2.0
Fighting       | 3 |  3.3
Dodging        | |  2.4
Stealth        | |  0.5

Action                   |  1- 3 |  4- 6 || total
-------------------------+-------+-------++-------
Melee: Quarterstaff      |   104 |   136 ||   240
Armor: Ring mail         |    43 |    61 ||   104
Dodge: Dodged            |    71 |    95 ||   166

Table legend: (Time is in decaauts)
 A = Elapsed time spent in this place.
 B = Non-inter-level travel time spent in this place.
 C = Inter-level travel time spent in this place.
 D = Time resting spent in this place.
 E = Time spent auto-exploring this place.
 F = Levels seen in this place.
 G = Mean time per level.
                   A        B        C        D        E       F      G
               +--------+--------+--------+--------+--------+-----+--------+
         Total |   3035 |   2897 |    138 |    367 |   1947 |   6 |  505.8 |
       Dungeon |   3033 |   2895 |    138 |    367 |   1947 |   5 |  606.6 |
        Temple |      1 |      1 |      0 |      0 |      0 |   1 |    1.0 |
               +--------+--------+--------+--------+--------+-----+--------+

Top non-repeatable levels by time:
     D:1: 891 daAuts
     D:3: 883 daAuts
     D:2: 646 daAuts
     D:4: 580 daAuts
     D:5: 32 daAuts
  Temple: 1 daAuts
